 Dungeon Crawl Stone Soup version 0.29-a0-283-ga02f740833 (webtiles) character file.

Game seed: 3007634998922003660

1415 PaleWalker the Charlatan (level 8, -3/58 HPs)
             Began as a Gnoll Wanderer on Mar 13, 2022.
             Was a Believer of Fedhas.
             Slain by a gnoll shaman
             ... wielding a +0 whip
              (5 damage)
             ... on level 5 of the Dungeon.
             The game lasted 00:12:04 (5740 turns).

PaleWalker the Charlatan (Gnoll Wanderer)           Turns: 5740, Time: 00:12:05

Health: -3/58      AC: 10    Str: 18    XL:     8   Next: 71%
Magic:  13/13      EV: 11    Int:  9    God:    Fedhas [**....]
Gold:   268        SH:  0    Dex: 15    Spells: 14/14 levels left

rFire   . . .      SeeInvis .   y - +0 hand axe "Maajijel" {flame, rN+}
rCold   . . .      Faith    .   (no shield)
rNeg    + + .      Spirit   .   l - +0 scale mail
rPois   +          Reflect  .   (no helmet)
rElec   .          Harm     .   C - +0 cloak {rCorr}
rCorr   +          Rampage  .   g - +0 pair of gloves
Will    .....                   t - +0 pair of boots
Stlth   +.........              (no amulet)
HPRegen 0.19/turn               s - ring "Gaistucw" {*Slow rN+ rCorr Str+3 Dex+2}
MPRegen 0.13/turn               x - ring of poison resistance

@: lit by a corona, glowing
A: fangs 1, strong nose, distributed training
a: Renounce Religion, Wall of Briars


You were on level 5 of the Dungeon.
You worshipped Fedhas.
Fedhas was pleased with you.
You visited 1 branch of the dungeon, and saw 5 of its levels.

You collected 268 gold pieces.

Inventory:

Hand Weapons
 y - the +0 hand axe "Maajijel" (weapon) {flame, rN+}
   (You found it on level 5 of the Dungeon)

   It burns those it strikes, dealing additional fire damage.
   Big, fiery blades are also staple armaments of hydra-hunters.
   rN:        It protects you from negative energy.
Missiles
 n - 2 poisoned darts (quivered)
Armour
 g - a +0 pair of gloves (worn)
 l - a +0 scale mail (worn)
 t - a +0 pair of boots (worn)
 B - a +1 leather armour of fire resistance
 C - a +0 cloak of preservation (worn)
Jewellery
 s - the ring "Gaistucw" (left hand) {*Slow rN+ rCorr Str+3 Dex+2}
   (You took it off a hobgoblin on level 3 of the Dungeon)

   [ring of positive energy]

   Str:       It affects your strength (+3).
   Dex:       It affects your dexterity (+2).
   rN:        It protects you from negative energy.
   rCorr:     It protects you from acid and corrosion.
   *Slow:     It may slow you when you take damage.
 x - a ring of poison resistance (right hand)
Wands
 d - a wand of polymorph (4)
 o - a wand of paralysis (5)
Scrolls
 a - 4 scrolls of identify {unknown}
 b - 2 scrolls of blinking
 c - a scroll of fear
 h - 4 scrolls of amnesia {unknown}
 m - 2 scrolls of noise {unknown}
 q - 2 scrolls of teleportation {unknown}
 r - 2 scrolls of immolation {unknown}
 z - 3 scrolls of brand weapon {unknown}
 A - a scroll of enchant weapon {unknown}
Potions
 e - 2 potions of brilliance {unknown}
 f - a potion of attraction {unknown}
 i - 2 potions of lignification
 k - a potion of magic {unknown}
 p - 2 potions of might {unknown}
 u - a potion of curing {unknown}
 v - a potion of cancellation {unknown}
 w - a potion of haste {unknown}
 D - a potion of degeneration {unknown}


   Skills:
 + Level 3.5 Fighting
 + Level 3.5 Short Blades
 + Level 3.5 Long Blades
 + Level 3.5 Axes
 + Level 7.5 Maces & Flails
 + Level 3.5 Polearms
 + Level 3.5 Staves
 + Level 3.5 Slings
 + Level 3.5 Bows
 + Level 3.5 Crossbows
 + Level 3.5 Throwing
 + Level 4.4 Armour
 + Level 3.5 Dodging
 + Level 3.5 Stealth
 + Level 3.5 Shields
 + Level 7.5 Unarmed Combat
 + Level 3.5 Spellcasting
 + Level 2.9 Conjurations
 + Level 2.9 Hexes
 + Level 2.9 Summonings
 + Level 2.9 Necromancy
 + Level 2.9 Translocations
 + Level 2.9 Transmutations
 + Level 2.9 Fire Magic
 + Level 2.9 Ice Magic
 + Level 2.9 Air Magic
 + Level 2.9 Earth Magic
 + Level 2.9 Poison Magic
 + Level 3.9 Invocations
 + Level 7.5 Evocations


You had 14 spell levels left.
You didn't know any spells.
Your spell library contained the following spells:

 Spells                   Type           Power      Damage    Failure   Level
 Confusing Touch          Hex            6%         N/A       61%         3
 Portal Projectile        Hex/Tloc       12%        N/A       61%         3
 Blade Hands              Tmut           3%         N/A       100%        5
 Excruciating Wounds      Necr           3%         N/A       100%        5
 Yara's Violent Unravell  Hex/Tmut       3%         3d4       100%        5
 Enfeeble                 Hex            3%         N/A       100%        7


Dungeon Overview and Level Annotations

Branches:
Dungeon (5/15)             Temple (0/1) D:5

Altars:
Fedhas
Uskayaw
Vehumet
Zin


Innate Abilities, Weirdness & Mutations

You have very sharp teeth.
Your uncanny sense of smell can sniff out nearby items.
Your experience applies equally to all skills.


Message History

The gnoll hits you with a +0 spear.
A phantom comes into view.
The gnoll hits you but does no damage.
You hit the gnoll. You burn the gnoll. You bite the gnoll, but do no damage.
The gnoll is severely wounded.
You hit the gnoll shaman. You burn the gnoll shaman.
The gnoll shaman invokes the aid of its god against you.
You are outlined in light.
The gnoll hits you with a +0 spear.
The gnoll hits you from afar with a +0 halberd.
You hit the gnoll. You burn the gnoll.
The gnoll is almost dead.
You barely miss the gnoll shaman. The gnoll shaman misses you.
The gnoll barely misses you. The gnoll misses you.
You barely miss the gnoll.
The gnoll is almost dead.
You closely miss the gnoll shaman. The gnoll shaman closely misses you.
The gnoll hits you with a +0 spear.
The gnoll hits you from afar with a +0 halberd!
You hit the gnoll. You burn the gnoll.
You kill the gnoll!
Fedhas appreciates your contribution to the ecosystem.
You hit the gnoll shaman but do no damage.
The gnoll shaman hits you but does no damage.
The gnoll barely misses you.
The gnoll shaman hits you with a +0 whip.
The gnoll hits you from afar with a +0 halberd!
* * * LOW HITPOINT WARNING * * *
You closely miss the gnoll shaman.
You bite the gnoll shaman, but do no damage.
The gnoll shaman is heavily wounded.
The gnoll shaman hits you but does no damage.
The gnoll hits you from afar with a +0 halberd!
* * * LOW HITPOINT WARNING * * *
You hit the gnoll shaman but do no damage.
You bite the gnoll shaman, but do no damage.
The gnoll shaman is heavily wounded.
You hit the phantom but do no damage.
The gnoll shaman hits you with a +0 whip.
You die...
Fedhas appreciates your contribution to the ecosystem.

####.............######
......<.<.........#≈≈≈≈≈
#.................†≈≈.≈≈
#...............†#≈≈≈≈≈
#.........####..######
#........## ##.......
#.......## ##......
##......##### #.....#
#...@...⌠...# ##....#
#..gW.......# #....#
#..g..⌠.>.⌠.# ##....
#...........# #....
.....#...⌠...# #....
......###.##.## #....
##..... .. .# ###....
####.. ### .......
.......


You could see a phantom, a gnoll shaman and a gnoll.

Vanquished Creatures
  Sigmund (D:2)
  A shadow (D:5)
  An ice beast (D:5)
  2 black bears (D:4)
  A phantom (D:3)
  A gnoll sergeant (D:5)
  2 scorpions
  A necrophage (D:5)
  A howler monkey (D:4)
  2 jellies
  2 orc priests
  Natasha (thrice) (D:4)
  An orc wizard (D:3)
  An iguana (D:5)
  7 gnolls
  4 adders
  2 worms
  A dart slug (D:3)
  7 orcs
  8 bats
  7 endoplasms
  4 giant cockroaches
  10 goblins
  4 hobgoblins
  4 jackals (D:1)
  4 quokkas
  6 ball pythons
  5 frilled lizards
  5 kobolds
  9 rats
107 creatures vanquished.

Vanquished Creatures (collateral kills)
  3 gnolls (D:5)
3 creatures vanquished.

Vanquished Creatures (others)
  2 fungi (D:4)
2 creatures vanquished.

Grand Total: 112 creatures vanquished

Notes
Turn   | Place    | Note
-------+----------+-------------------------------------------
     0 | D:1      | PaleWalker the Gnoll Wanderer began the quest for the Orb.
     0 | D:1      | PaleWalker set off with the following items: a +0 mace, a
                  | scroll of blinking, a scroll of fear, a wand of polymorph
                  | (5), a scroll of summoning, a +0 leather armour
     0 | D:1      | Reached XP level 1. HP: 13/13 MP: 1/1
   391 | D:1      | Reached XP level 2. HP: 19/19 MP: 2/2
   766 | D:1      | Reached XP level 3. HP: 25/25 MP: 3/3
  1370 | D:2      | Reached skill level 1 in Invocations
  1452 | D:2      | Reached skill level 1 in Fighting
  1452 | D:2      | Reached skill level 1 in Short Blades
  1452 | D:2      | Reached skill level 1 in Long Blades
  1452 | D:2      | Reached skill level 1 in Axes
  1452 | D:2      | Reached skill level 1 in Polearms
  1452 | D:2      | Reached skill level 1 in Staves
  1452 | D:2      | Reached skill level 1 in Slings
  1452 | D:2      | Reached skill level 1 in Bows
  1452 | D:2      | Reached skill level 1 in Crossbows
  1452 | D:2      | Reached skill level 1 in Throwing
  1452 | D:2      | Reached skill level 1 in Dodging
  1452 | D:2      | Reached skill level 1 in Stealth
  1452 | D:2      | Reached skill level 1 in Shields
  1452 | D:2      | Reached skill level 1 in Spellcasting
  1564 | D:2      | Reached XP level 4. HP: 24/32 MP: 5/5
  1894 | D:2      | Noticed Sigmund
  1938 | D:2      | Killed Sigmund
  1939 | D:2      | Reached skill level 1 in Conjurations
  1939 | D:2      | Reached skill level 1 in Hexes
  1939 | D:2      | Reached skill level 1 in Summonings
  1939 | D:2      | Reached skill level 1 in Necromancy
  1939 | D:2      | Reached skill level 1 in Translocations
  1939 | D:2      | Reached skill level 1 in Transmutations
  1939 | D:2      | Reached skill level 1 in Fire Magic
  1939 | D:2      | Reached skill level 1 in Ice Magic
  1939 | D:2      | Reached skill level 1 in Air Magic
  1939 | D:2      | Reached skill level 1 in Earth Magic
  1939 | D:2      | Reached skill level 1 in Poison Magic
  1939 | D:2      | Reached XP level 5. HP: 8/38 MP: 5/7
  1939 | D:2      | Reached XP level 6. HP: 9/44 MP: 5/8
  2363 | D:2      | Found a faded altar of an unknown god.
  2369 | D:2      | Prayed at the altar of an unknown god.
  2369 | D:2      | Became a worshipper of Fedhas Madash
  2369 | D:2      | Reached * piety under Fedhas
  2713 | D:3      | Identified the ring "Gaistucw" {*Slow rN+ rCorr Str+3
                  | Dex+2}
  2932 | D:3      | Found a glowing silver altar of Zin.
  2941 | D:3      | Reached ** piety under Fedhas
  2942 | D:3      | Reached XP level 7. HP: 35/50 MP: 10/10
  3860 | D:4      | Found a hide-covered altar of Uskayaw.
  4060 | D:4      | Found a radiant altar of Vehumet.
  4064 | D:4      | Noticed Natasha
  4078 | D:4      | Killed Natasha
  4495 | D:4      | Found a runed translucent door.
  4496 | D:4      | Noticed Crazy Yiuf
  4526 | D:4      | Noticed Natasha
  4539 | D:4      | Killed Natasha
  4553 | D:4      | Noticed Natasha
  4560 | D:4      | Killed Natasha
  4561 | D:4      | Reached XP level 8. HP: 50/57 MP: 12/12
  4673 | D:4      | Noticed Crazy Yiuf
  4673 | D:4      | Crazy Yiuf changed into Crazy Yiuf the howler monkey
  4680 | D:4      | Killed Crazy Yiuf the howler monkey
  4718 | D:5      | Entered Level 5 of the Dungeon
  4921 | D:5      | Noticed a shadow
  4935 | D:5      | Killed a shadow
  5593 | D:5      | Identified the +0 hand axe "Maajijel" {flame, rN+}
  5727 | D:5      | Found a staircase to the Ecumenical Temple.
  5739 | D:5      | HP: 2/58 [gnoll/+0 halberd (10)]
  5740 | D:5      | Slain by a gnoll shaman

Illustrated notes

Levels and vault maps discovered:
D:1:      lemuel_arrival_rhombus, layout_loops_cross
D:2:      layout_loops_ring, shapermc_ecumenical_altar_hornbeckon, uniq_sigmund
D:3:      layout_basic, lemuel_coloured_pillars_altar
D:4:      layout_rooms, nicolae_vehumet_radiance, mainiacjoe_overflow_boulevard,
          uniq_natasha, uniq_crazy_yiuf_cottage
D:5:      layout_layer_cave, temple_fountains, gup_sewer_entry_glass,
          grunt_ministairs_8

Skill      XL: |  1  2  3  4  5  6  7  8 |
---------------+-------------------------+-----
Invocations    | 1 2 3 |  3.9
Fighting       | 1 2 3 |  3.5
Short Blades   | 1 2 3 |  3.5
Long Blades    | 1 2 3 |  3.5
Axes           | 1 2 3 |  3.5
Polearms       | 1 2 3 |  3.5
Staves         | 1 2 3 |  3.5
Slings         | 1 2 3 |  3.5
Bows           | 1 2 3 |  3.5
Crossbows      | 1 2 3 |  3.5
Throwing       | 1 2 3 |  3.5
Dodging        | 1 2 3 |  3.5
Stealth        | 1 2 3 |  3.5
Shields        | 1 2 3 |  3.5
Spellcasting   | 1 2 3 |  3.5
Armour         | 3 4 |  4.4
Conjurations   | 1 2 |  2.9
Hexes          | 1 2 |  2.9
Summonings     | 1 2 |  2.9
Necromancy     | 1 2 |  2.9
Translocations | 1 2 |  2.9
Transmutations | 1 2 |  2.9
Fire Magic     | 1 2 |  2.9
Ice Magic      | 1 2 |  2.9
Air Magic      | 1 2 |  2.9
Earth Magic    | 1 2 |  2.9
Poison Magic   | 1 2 |  2.9
Maces & Flails | 7 |  7.5
Unarmed Combat | 7 |  7.5
Evocations     | 7 |  7.5

Action                   |  1- 3 |  4- 6 |  7- 9 || total
-------------------------+-------+-------+-------++-------
Melee: Mace              |    65 |       |       ||    65
       Bite              |     6 |     3 |    35 ||    44
       Whip              |    77 |   137 |   204 ||   418
       Punch             |     3 |     5 |    12 ||    20
       Hand axe          |       |       |    24 ||    24
Throw: Dart              |       |     3 |     2 ||     5
Invok: Wall of Briars    |       |       |     2 ||     2
Evoke: Wand              |       |     4 |     9 ||    13
  Use: Potion            |       |     2 |       ||     2
       Scroll            |       |     1 |       ||     1
 Stab: Paralysed         |       |       |     2 ||     2
Armor: Leather armour    |    37 |       |       ||    37
       Scale mail        |    24 |    42 |    90 ||   156
       Skin              |       |    39 |       ||    39
Dodge: Dodged            |    98 |    49 |    87 ||   234

Table legend: (Time is in decaauts)
 A = Elapsed time spent in this place.
 B = Non-inter-level travel time spent in this place.
 C = Inter-level travel time spent in this place.
 D = Time resting spent in this place.
 E = Time spent auto-exploring this place.
 F = Levels seen in this place.
 G = Mean time per level.
                   A        B        C        D        E       F      G
               +--------+--------+--------+--------+--------+-----+--------+
         Total |   5649 |   5474 |    175 |    282 |   4178 |   5 | 1129.8 |
       Dungeon |   5649 |   5474 |    175 |    282 |   4178 |   5 | 1129.8 |
               +--------+--------+--------+--------+--------+-----+--------+

Top non-repeatable levels by time:
     D:3: 1256 daAuts
     D:1: 1250 daAuts
     D:2: 1121 daAuts
     D:4: 1018 daAuts
     D:5: 1002 daAuts
